 Dungeon Sprint DCSS version 0.20-a0-1122-gb7cbeb9 (webtiles) character file.

221719 potatolord6000 the Conqueror (level 17, -2/312 HPs)
             Began as a Naga Fighter on May 12, 2017.
             Was an Initiate of Gozag.
             Killed from afar by a shadow dragon (17 damage)
             ... with a bolt of negative energy
             ... in the Dungeon (Sprint IX: "|||||||||||||||||||||||||||||").
             The game lasted 00:43:45 (8330 turns).

potatolord6000 the Conqueror (Naga Fighter)         Turns: 8330, Time: 00:43:45

Health: -2/312     AC: 19    Str: 35    XL:     17   Next: 70%
Magic:  17/17      EV: 10    Int:  5    God:    Gozag
Gold:   819        SH: 21    Dex: 36    Spells: 16/16 levels left

rFire    + + +     SeeInvis +   a - +3 spear "Hydraslayer" {pierce, *Rage rF+ rC+}
rCold    + + +     Gourm    .   n - +5 shield {reflect}
rNeg     + . .     Faith    .   p - +9 plate armour of Tomorrow {Str+6 Dex+6}
rPois    +         Spirit   .   o - +0 helmet of Good Intentions {rC+ Dex+2}
rElec    +         Reflect  +   f - +2 cloak "Pawocot" {rF+}
rCorr    +         Harm     .   g - +2 pair of gloves {Dex+3}
MR       ++...     Rnd*Rage +   b - +4 naga barding Stlth ..........NoTele +
                                z - amulet "Kethropt" {Regen+ Slay+2}
Regen    1.1/turn               t - +2 ring of slaying
MPRegen  0.2/turn               w - ring "Quuledd" {rPois rN+ AC+2 Int-4 Dex+6}

@: agile, berserking (expiring), resistant, marked, corroded, flying, hasted,
very heavily drained, quick
A: see invisible, agile 1, deformed body, poison resistance, shaggy fur 1,
slowness 2, slow metabolism 1, spit poison 1, constrict 1, AC +5
}: 4/15 runes: decaying, serpentine, barnacled, gossamer
a: Spit Poison, Potion Petition, Call Merchant, Bribe Branch, Renounce Religion


You were in the Dungeon.
You worshipped Gozag.
Gozag was pleased with you.
You were very full.

You visited 1 branch You collected 24568 gold pieces.
You spent 4177 gold pieces at shops.
You paid 19572 gold pieces to Gozag.

Inventory:

Hand Weapons
 a - the +3 spear "Hydraslayer" (weapon) {pierce, *Rage rF+ rC+}
   (You bought it in a shop in the Dungeon)

   It inflicts extra damage upon your enemies.
   It protects you from fire.
   It protects you from cold.
   It may make you go berserk in combat.
Armour
 b - a +4 naga barding (worn)
 f - the +2 cloak "Pawocot" (worn) {rF+}
   (You bought it in a shop in the Dungeon)

   It protects you from fire.
 g - a +2 pair of gloves of dexterity (worn)
 n - a +5 shield of reflection (worn)
 o - the +0 helmet of Good Intentions (worn) {rC+ Dex+2}
   (You bought it in a shop in the Dungeon)

   It affects your dexterity (+2).
   It protects you from cold.
 p - the +9 plate armour of Tomorrow (worn) {Str+6 Dex+6}
   (You bought it in a shop in the Dungeon)

   It affects your strength (+6).
   It affects your dexterity (+6).
Jewellery
 t - a +2 ring of slaying (left hand)
 w - the ring "Quuledd" (right hand) {rPois rN+ AC+2 Int-4 Dex+6}
   (You bought it in a shop in the Dungeon)

   [ring of protection]

   It affects your AC (+2).
   It affects your intelligence (-4).
   It affects your dexterity (+6).
   It protects you from poison.
   It protects you from negative energy.
 z - the amulet "Kethropt" (around neck) {Regen+ Slay+2}
   (You bought it in a shop in the Dungeon)

   [amulet of regeneration]

   It affects your accuracy and damage with ranged weapons and melee attacks
   (+2).
   It increases your rate of regeneration.
Scrolls
 h - 5 scrolls of remove curse
 k - 3 scrolls of blinking
 l - 2 scrolls of amnesia
 v - 2 scrolls of enchant weapon
 x - a scroll of enchant armour
 y - 2 scrolls of recharging
 A - 2 scrolls of fog
 B - a scroll of fear
Potions
 c - 2 potions of flight {unknown}
 d - a potion of brilliance
 e - 3 potions of curing
 i - 4 potions of magic
Comestibles
 j - 40 fruits
 m - 12 bread rations
 r - 7 meat rations


   Skills:
 O Level 27(20.5) Fighting
 O Level 27(20.5) Polearms
 + Level 24.1(18.0) Armour
 + Level 16.2(11.0) Shields


You had 16 spell levels left.
You didn't know any spells.

Dungeon Overview and Level Annotations

Branches:
Dungeon (1/1)

Altars:
Cheibriados
Dithmenos
Elyvilon
Fedhas
Gozag
Hepliaklqana
Kikubaaqudgha
Makhleb
Nemelex Xobeh
Okawaru
Qazlal
Ru
Sif Muna
Trog
Uskayaw
Vehumet
Wu Jian
Xom
Yredelemnul
Zin
The Shining One
Beogh
Jiyva
Lugonu

Shops:
D =[(([![*[=[[([:=


Innate Abilities, Weirdness & Mutations

You cannot wear boots.
Your serpentine skin is tough. (AC +5)
You have supernaturally acute eyesight. (SInv)
Armour fits poorly on your strangely shaped body.
Your system is resistant to poisons. (rPois)
You cover ground very slowly.
You have a slow metabolism.
You can spit poison.
You can use your snake-like lower body to constrict enemies.
You are agile. (Dex +2)
You are covered in fur. (AC +1)


Message History

Unknown command.
You hit the shadow dragon but do no damage.
The shadow dragon is moderately wounded.
You closely miss the shadow dragon.
The shadow dragon is moderately wounded.
The shadow dragon bites you but does no damage.
You block the shadow dragon's attack.
The shadow dragon claws you but does no damage.
Unknown command.
Unknown command.
You hit the shadow dragon but do no damage.
The shadow dragon is moderately wounded.
The shock serpent falls off the wall.
The redback changes into a shock serpent!
The shadow dragon breathes negative energy at you.
The bolt of negative energy hits the shadow dragon.
The shadow dragon completely resists.
The bolt of negative energy hits you! You partially resist.
You feel drained.
You die...
Your body crumbles into a pile of gold.

[♣.▓[▓.▓[▓.▓(▓.▓+▓,*,*,*,*,*,*,*,
.♣.▓[▓.▓.▓.▓)▓.▓$▓,*,*,*,*,*,*,*,
[♣.▓[▓.▓.▓.▓(▓.▓$▓,*,*,*,*,*,*,*,
.♣.▓.▓.▓.▓.▓)▓.▓$▓,*,*,*,*,*,*,*,
∩♣.▓[▓.▓.▓.▓)▓.▓$▓,*,*,*,*,*,*,*,
.♣.▓.▓.▓.▓.▓)▓.▓$▓,*,*,*,*,*,*,*,
.♣.▓.▓.▓.▓.▓.▓.▓$▓,*,*,*,*,*,*,*+
.♣.▓.▓)▓.▓.▓.▓.▓$▓,*,*,*+*,*,*,*,
[♣.▓[▓.▓!▓.▓.▓.▓@▓,*,*,*,*,*,*,*,
)▓.▓.▓.▓.▓.▓.▓.▓D▓,*,*,*,*,*,*,*,
[▓.▓.▓.▓.▓.▓.▓.▓D▓,*,*,*,*,*,*,*,
[▓.▓[▓.▓.▓.▓.▓.▓S▓,*,*,*,*,*,*,*,
.▓.▓.▓.▓.▓.▓.▓.▓p▓,*,*,*,*,*,*,*,
.▓.▓[▓.▓.▓.▓)▓.▓o▓,*,*,*,*,*,*,*,
.▓.▓[▓.▓.▓.▓)▓.▓a▓,*,*,*,*,*+*,*,
.▓.▓.▓.▓.▓.▓)▓.▓.▓,*,*,*,*,*,*,*,
.▓(▓[▓.▓.▓.▓[▓.▓,*,*,*,*,*,*,*,*,


You could see 2 shadow dragons, an entropy weaver, an orc knight, a shock
serpent shaped shifter and an ironbrand convoker.

Vanquished Creatures
  2 ancient liches (D)
  Mennas (D)
  Boris (D)
  Sojobo (D)
  Frederick (D)
  Xtahua (D)
  Jory (D)
  A sphinx (D)
  Gastronok (D)
  2 tengu reavers (D)
  Donald (D)
  Agnes (D)
  Ilsuiw (D)
  5 nagarajas (D)
  A vault warden (D)
  A fire giant (D)
  4 emperor scorpions (D)
  3 ironheart preservers (D)
  A ghost moth (D)
  A very ugly thing (D)
  5 stone giants (D)
  Nessos (D)
  3 merfolk javelineers (D)
  2 ettins (D)
  A merfolk impaler (D)
  2 great orbs of eyes (D)
  A yaktaur captain (D)
  25 vault guards (D)
  5 rakshasas (D)
  A spriggan air mage (D)
  5 hydras (D)
  3 naga warriors (D)
  A centaur warrior (D)
  An alligator (D)
  6 merfolk aquamancers (D)
  3 ice dragons (D)
  A hydra (shapeshifter) (D)
  2 death knights (D)
  An ogre mage (D)
  A two-headed ogre (D)
  A deep troll shaman (D)
  Erica (D)
  2 orc high priests (D)
  Sonja (D)
  A shadow wraith (D)
  A hell knight (D)
  3 unseen horrors (D)
  A spriggan druid (D)
  A sea snake (D)
  9 swamp dragons (D)
  A deep troll (D)
  A deep elf archer (D)
  A naga ritualist (D)
  3 ironbrand convokers (D)
  5 orc knights (D)
  2 orb spiders (D)
  7 orc sorcerers (D)
  A mana viper (D)
  A manticore (D)
  3 ugly things (D)
  7 wolf spiders (D)
  3 deep elf magi (D)
  2 moths of wrath (D)
  A cyclops (D)
  5 black mambas (D)
  A guardian serpent (shapeshifter) (D)
  Psyche (D)
  A vault sentinel (D)
  3 naga magi (D)
  2 water nymphs (D)
  3 guardian serpents (D)
  A spiny frog (D)
  2 guardian mummies (D)
  2 demonic crawlers (D)
  A tengu conjurer (D)
  5 jumping spiders (D)
  2 merfolk (D)
  A hornet (D)
  A blink frog (D)
  2 tyrant leeches (D)
  5 slime creatures (D)
  A dream sheep (D)
  2 snapping turtles (D)
  A spriggan (D)
  2 tarantellas (D)
  A redback (D)
  A wraith (D)
  2 basilisks (D)
  4 vampire mosquitoes (D)
  A soldier ant (D)
  An acid dragon (D)
  2 nagas (D)
  2 water moccasins (D)
  3 porcupines (D)
  A swamp drake (D)
  A sky beast (D)
  10 orc warriors (D)
  A boggart (D)
  2 centaurs (D)
  4 crocodiles (D)
  9 bullfrogs (D)
  A howler monkey (D)
  An orc priest (D)
  2 hounds (D)
  12 orc wizards (D)
  2 worker ants (D)
  A dart slug (D)
  7 orcs (D)
  A goblin (D)
  A hobgoblin (D)
  A quokka (D)
  A frilled lizard (D)
  A jackal skeleton (D)
  A kobold (D)
  A rat (D)
282 creatures vanquished.

Vanquished Creatures (others)
  A merfolk javelineer (D)
  Maurice (D)
  A naga mage (D)
3 creatures vanquished.

Grand Total: 285 creatures vanquished

Notes
Turn   | Place    | Note
-------+----------+-------------------------------------------
     0 | D        | potatolord6000 the Naga Fighter began the quest for the Orb.
     0 | D        | Reached XP level 1. HP: 21/21 MP: 1/1
    23 | D        | Reached XP level 2. HP: 22/28 MP: 2/2
    80 | D        | Noticed a howler monkey
    80 | D        | Noticed a sky beast
    86 | D        | Killed a howler monkey
    86 | D        | Reached XP level 3. HP: 29/37 MP: 3/3
   108 | D        | Killed a sky beast
   108 | D        | Reached skill level 5 in Fighting
   108 | D        | Reached skill level 5 in Polearms
   108 | D        | Reached XP level 4. HP: 5/48 MP: 4/4
   108 | D        | Reached XP level 5. HP: 5/55 MP: 5/5
   118 | D        | Gained mutation: You are covered in fur. (AC +1) [mutagenic meat]
   119 | D        | Gained mutation: You are agile. (Dex +2) [mutagenic meat]
   130 | D        | Found a roughly hewn altar of Beogh.
   130 | D        | Found a snail-covered altar of Cheibriados.
   130 | D        | Found a shadowy altar of Dithmenos.
   130 | D        | Found a white marble altar of Elyvilon.
   130 | D        | Found a blossoming altar of Fedhas.
   130 | D        | Found an opulent altar of Gozag.
   131 | D        | Found a hazy altar of Hepliaklqana.
   132 | D        | Found a viscous altar of Jiyva.
   133 | D        | Found an ancient bone altar of Kikubaaqudgha.
   134 | D        | Found a corrupted altar of Lugonu.
   135 | D        | Found a burning altar of Makhleb.
   136 | D        | Found a sparkling altar of Nemelex Xobeh.
   137 | D        | Found an iron altar of Okawaru.
   138 | D        | Became a worshipper of Gozag Ym Sagoz the Greedy
   139 | D        | Found a stormy altar of Qazlal.
   140 | D        | Found a sacrificial altar of Ru.
   141 | D        | Found a deep blue altar of Sif Muna.
   142 | D        | Found a bloodstained altar of Trog.
   143 | D        | Found a hide-covered altar of Uskayaw.
   144 | D        | Found a radiant altar of Vehumet.
   145 | D        | Found an ornate altar of the Wu Jian Council.
   146 | D        | Found a shimmering altar of Xom.
   147 | D        | Found a basalt altar of Yredelemnul.
   148 | D        | Found a glowing silver altar of Zin.
   149 | D        | Found a glowing golden altar of the Shining One.
   373 | D        | Noticed a centaur
   373 | D        | Noticed an unseen horror
   373 | D        | Noticed an unseen horror
   381 | D        | Killed a centaur
   381 | D        | Reached skill level 5 in Armour
   383 | D        | Reached XP level 6. HP: 59/66 MP: 6/6
   395 | D        | Killed an unseen horror
   395 | D        | Reached XP level 7. HP: 78/78 MP: 7/7
   414 | D        | Killed an unseen horror
   414 | D        | Reached skill level 10 in Fighting
   414 | D        | Reached skill level 10 in Polearms
   414 | D        | Reached XP level 8. HP: 74/88 MP: 8/8
   428 | D        | Noticed a two-headed ogre
   451 | D        | Killed a two-headed ogre
   451 | D        | Reached skill level 10 in Armour
   451 | D        | Reached XP level 9. HP: 36/98 MP: 9/9
   766 | D        | Noticed Sonja
   782 | D        | Killed Sonja
  1239 | D        | Reached XP level 10. HP: 76/109 MP: 10/10
  1450 | D        | Noticed a black mamba
  1453 | D        | Noticed a black mamba
  1473 | D        | Killed a black mamba
  1477 | D        | Killed a black mamba
  1554 | D        | Noticed a spiny frog
  1581 | D        | Killed a spiny frog
  1728 | D        | Noticed Erica
  1729 | D        | Noticed Maurice
  1741 | D        | Killed Maurice
  1744 | D        | Killed Erica
  1744 | D        | Reached XP level 11. HP: 121/121 MP: 11/11
  1809 | D        | Noticed an orc high priest
  1843 | D        | Killed an orc high priest
  1843 | D        | Reached skill level 15 in Fighting
  2027 | D        | Noticed an orc high priest
  2027 | D        | Noticed an orc knight
  2047 | D        | Killed an orc high priest
  2047 | D        | Reached skill level 15 in Polearms
  2063 | D        | Killed an orc knight
  2266 | D        | Bought an encrusted chain mail for 266 gold pieces
  2266 | D        | Bought a runed scarf for 224 gold pieces
  2266 | D        | Identified the +5 chain mail "Qaurghas" {*Slow rF+ rC+ Str+2} (You bought it in a shop in the Dungeon)
  2303 | D        | Found Unues's Distillery.
  2303 | D        | Noticed an orc sorcerer
  2304 | D        | Noticed an orc sorcerer
  2311 | D        | Killed an orc sorcerer
  2316 | D        | Found Laodenen's Antique Armour Shoppe.
  2316 | D        | Paralysed by an orc sorcerer for 4 turns
  2322 | D        | Noticed an orc sorcerer
  2323 | D        | Killed an orc sorcerer
  2340 | D        | Killed an orc sorcerer
  2348 | D        | Found Istral's Assorted Antiques.
  2352 | D        | Found Taray's Antique Armour Shoppe.
  2354 | D        | Noticed an orc sorcerer
  2355 | D        | Noticed an orc sorcerer
  2357 | D        | Noticed a sixfirhy
  2361 | D        | Noticed an orc sorcerer
  2362 | D        | Killed an orc sorcerer
  2368 | D        | Noticed an orc sorcerer
  2383 | D        | Killed an orc sorcerer
  2384 | D        | Noticed a sixfirhy
  2385 | D        | Noticed a soul eater
  2409 | D        | Killed an orc sorcerer
  2412 | D        | Killed an orc sorcerer
  2462 | D        | Bought a pair of glowing gloves for 150 gold pieces
  2473 | D        | Bought a pair of glowing gloves for 150 gold pieces
  2486 | D        | Bought a runed helmet for 172 gold pieces
  2499 | D        | Bought a slimy helmet for 304 gold pieces
  2501 | D        | Bought a scroll of identify for 46 gold pieces
  2503 | D        | Identified the +0 helmet of Good Intentions {rC+ Dex+2} (You bought it in a shop in the Dungeon)
  3234 | D        | Noticed a green ugly thing
  3234 | D        | Noticed a cyclops
  3234 | D        | Noticed an orc knight
  3234 | D        | Noticed a rakshasa
  3234 | D        | Noticed a deep elf mage
  3240 | D        | Killed a green ugly thing
  3243 | D        | Reached XP level 12. HP: 130/135 MP: 12/12
  3257 | D        | Noticed a fire giant
  3268 | D        | Killed a rakshasa
  3299 | D        | Killed a fire giant
  3324 | D        | Reached skill level 15 in Armour
  3506 | D        | Bought the ring "Quuledd" {rPois rN+ AC+2 Int-4 Dex+6} for 414 gold pieces
  3506 | D        | Bought the amulet "Kethropt" {Regen+ Slay+2} for 635 gold pieces
  3512 | D        | Noticed an ice dragon
  3513 | D        | Noticed a centaur warrior
  3525 | D        | Killed an ice dragon
  3531 | D        | Killed a centaur warrior
  3567 | D        | Noticed Psyche
  3575 | D        | Killed Psyche
  3619 | D        | Noticed Agnes
  3626 | D        | Killed Agnes
  3687 | D        | Gained mutation: You can use your snake-like lower body to constrict enemies. [Naga growth]
  3687 | D        | Reached XP level 13. HP: 81/146 MP: 13/13
  3932 | D        | HP: 5/150 [15-headed hydra (14)]
  3945 | D        | HP: 3/150 [14-headed hydra (10)]
  3971 | D        | Bought a heavily runed plate armour for 924 gold pieces
  3981 | D        | Identified the +9 plate armour of Tomorrow {Str+6 Dex+6} (You bought it in a shop in the Dungeon)
  4338 | D        | Noticed Gastronok
  4355 | D        | Killed Gastronok
  4360 | D        | Noticed Nessos
  4383 | D        | Killed Nessos
  4598 | D        | Noticed Donald
  4608 | D        | Killed Donald
  4664 | D        | Noticed a rakshasa
  4664 | D        | Noticed an ettin
  4664 | D        | Noticed a rakshasa
  4665 | D        | Noticed a rakshasa
  4670 | D        | Noticed a great orb of eyes
  4673 | D        | Killed a rakshasa
  4673 | D        | Reached XP level 14. HP: 139/162 MP: 14/14
  4692 | D        | Noticed a stone giant
  4697 | D        | Noticed a stone giant
  4711 | D        | Noticed a stone giant
  4737 | D        | Killed a stone giant
  4743 | D        | Killed a stone giant
  4748 | D        | Killed a stone giant
  4820 | D        | Bought a warped cloak for 380 gold pieces
  4830 | D        | Identified the +2 cloak "Pawocot" {rF+} (You bought it in a shop in the Dungeon)
  4841 | D        | Noticed an ironheart preserver
  4846 | D        | Killed an ironheart preserver
  4901 | D        | Noticed an ironheart preserver
  4913 | D        | Noticed a sphinx
  4916 | D        | Killed an ironheart preserver
  4930 | D        | Killed a sphinx
  4939 | D        | Noticed an ancient lich
  4939 | D        | Noticed an ancient lich
  4941 | D        | Reached XP level 15. HP: 61/176 MP: 15/15
  4954 | D        | Killed an ancient lich
  4958 | D        | Killed an ancient lich
  5139 | D        | Bought a pitted spear for 272 gold pieces
  5139 | D        | Identified the +3 spear "Hydraslayer" {pierce, *Rage rF+ rC+} (You bought it in a shop in the Dungeon)
  5862 | D        | Bought a shiny shield for 240 gold pieces
  6490 | D        | Noticed Jory
  6523 | D        | Killed Jory
  6523 | D        | Reached skill level 5 in Shields
  6598 | D        | Noticed Boris
  6615 | D        | Killed Boris
  6826 | D        | Noticed Frederick
  6852 | D        | Killed Frederick
  7041 | D        | Reached XP level 16. HP: 190/190 MP: 16/16
  7062 | D        | Got a decaying rune of Zot
  7244 | D        | Reached skill level 10 in Shields
  7258 | D        | Got a gossamer rune of Zot
  7306 | D        | Noticed Ilsuiw
  7364 | D        | Killed Ilsuiw
  7389 | D        | Got a barnacled rune of Zot
  7425 | D        | Noticed a nagaraja
  7426 | D        | Noticed a nagaraja
  7434 | D        | Noticed a nagaraja
  7447 | D        | Noticed a nagaraja
  7447 | D        | Killed a nagaraja
  7457 | D        | Killed a nagaraja
  7462 | D        | Killed a nagaraja
  7464 | D        | Noticed a nagaraja
  7472 | D        | Killed a nagaraja
  7486 | D        | Killed a nagaraja
  7502 | D        | Got a serpentine rune of Zot
  7576 | D        | Noticed a tengu reaver
  7577 | D        | Noticed a tengu reaver
  7608 | D        | Killed a tengu reaver
  7646 | D        | Noticed Sojobo
  7647 | D        | Noticed Xtahua
  7659 | D        | Killed a tengu reaver
  7683 | D        | Killed Sojobo
  7709 | D        | Killed Xtahua
  7709 | D        | Reached XP level 17. HP: 123/205 MP: 17/17
  7735 | D        | Noticed Mennas
  7763 | D        | Killed Mennas
  8107 | D        | Reached skill level 15 in Shields
  8114 | D        | Reached skill level 27 in Fighting
  8207 | D        | Reached skill level 27 in Polearms
  8326 | D        | HP: 14/312 [shadow dragon (2)]
  8330 | D        | Killed from afar by a shadow dragon

Vault maps used:
D:        linesprint

Skill      XL: |  1  2  3  4  5  6  7  8  9 10 11 12 13 14 15 16 17 |
---------------+----------------------------------------------------+-----
Fighting       | 4 5 7 9 10 11 12 14 16 18 20 22 24 26 27 | 27.0
Polearms       | 3 5 6 9 10 11 12 14 16 18 20 22 24 25 27 | 27.0
Armour         | 3 4 5 8 9 10 11 12 14 15 17 19 21 22 24 | 24.1
Shields        | 3 4 8 13 16 | 16.2

Action                   |  1- 3 |  4- 6 |  7- 9 | 10-12 | 13-15 | 16-18 || total
-------------------------+-------+-------+-------+-------+-------+-------++-------
Melee: Trident           |    38 |       |       |       |       |       ||    38
       Halberd           |       |    18 |    89 |   436 |   340 |       ||   883
       Constrict         |       |       |       |       |    62 |    68 ||   130
       Spear             |       |       |       |       |   146 |   626 ||   772
Invok: Call Merchant     |       |       |       |     6 |     3 |     3 ||    12
       Potion Petition   |       |       |       |     1 |     5 |     2 ||     8
 Abil: Spit Poison       |       |     2 |     3 |     1 |     1 |       ||     7
  Use: Potion            |     3 |     1 |     4 |     5 |     8 |     6 ||    27
       Scroll            |       |       |       |     5 |    10 |       ||    15
 Stab: Distracted        |       |       |     1 |     6 |    12 |    13 ||    32
       Invisible         |       |       |       |     3 |       |       ||     3
  Eat: Chunk             |       |     3 |       |       |       |       ||     3
       Bread ration      |       |       |     1 |       |       |       ||     1
       Meat ration       |       |       |       |     2 |     1 |     2 ||     5
Armor: Scale mail        |     8 |       |       |       |       |       ||     8
       Ring mail         |       |     8 |    41 |    57 |       |       ||   106
       Plate armour      |       |       |       |    36 |   196 |   276 ||   508
       Chain mail        |       |       |       |    83 |   118 |       ||   201
Dodge: Dodged            |     2 |    15 |    54 |   166 |   150 |    39 ||   426
Block: Shield            |     8 |       |       |       |    60 |   357 ||   425
       Reflection        |       |       |       |       |       |    11 ||    11
